 Dungeon Crawl Stone Soup version 0.26-b1-32-g5d43845318 (webtiles) character file.

Game seed: 14581650152763223257

2 sentinel the Conjurer (level 1, 0/14 HPs)
             Began as a Demonspawn Conjurer on Jan 10, 2021.
             Slain by a gnoll
             ... wielding a +0 spear
              (8 damage)
             ... on level 1 of the Dungeon.
             The game lasted 00:00:05 (126 turns).

sentinel the Conjurer (Demonspawn Conjurer)          Turns: 126, Time: 00:00:06

Health: 0/14       AC:  2    Str:  7    XL:     1   Next: 25%
Magic:  0/3        EV: 12    Int: 19    God:
Gold:   26         SH:  0    Dex: 11    Spells: 3/4 levels left

rFire    . . .     SeeInvis .   (no weapon)
rCold    . . .     Faith    .   (no shield)
rNeg     . . .     Spirit   .   a - +0 robe
rPois    .         Reflect  .   (no helmet)
rElec    .         Harm     .   (no cloak)
rCorr    .         Rampage  .   (no gloves)
Will     .....                  (no boots)
Stlth    ++........             (no amulet)
HPRegen  0.04/turn              (no ring)
MPRegen  0.08/turn              (no ring)

@: no status effects
A: no striking features
a: no special abilities


You were on level 1 of the Dungeon.
You visited 1 branch of the dungeon, and saw 1 of its levels.

You collected 26 gold pieces.

Inventory:

Armour
 a - a +0 robe (worn)
Scrolls
 c - a scroll of immolation {unknown}
Potions
 b - a potion of attraction {unknown}


   Skills:
 + Level 0.6 Fighting
 - Level 1.7 Dodging
 - Level 1.7 Stealth
 - Level 2.0 Spellcasting
 - Level 4.0 Conjurations


You had 3 spell levels left.
You knew the following spells:

 Your Spells              Type           Power        Failure   Level
a - Magic Dart            Conj           68%          3%          1

Your spell library contained the following spells:

 Spells                   Type           Power        Failure   Level
 Searing Ray              Conj           34%          4%          2
 Dazzling Flash           Conj/Hex       18%          22%         3
 Fulminant Prism          Conj/Hex       4%           58%         4
 Iskenderun's Mystic Bla  Conj/Tloc      9%           58%         4


Dungeon Overview and Level Annotations

Branches:
Dungeon (1/15)

Altars:


Message History

Options error: Bad channel -- pray (~/.crawlrc:3650) Options error: Bad channel -- food (~/.crawlrc:3653) Options error: Bad channel -- rotten_meat (~/.crawlrc:3670) Welcome, sentinel the Demonspawn Conjurer.
Will you prevail where others failed? Will you find the Orb of Zot?
Found a smoky green potion and 11 gold pieces.
Found a staircase leading out of the dungeon.
You now have 11 gold pieces.
b - a smoky green potion As you open the door, it creaks loudly!
There is an open door here.
You now have 24 gold pieces (gained 13).
You now have 26 gold pieces (gained 2).
c - a scroll labelled PEUMUE NAASOC
Found 17 stones.
A goblin comes into view. It is wielding a +0 dagger.
The goblin shouts!
Found a robe and 12 gold pieces.
Found a stone staircase leading down.
But you're not safe! But you're not safe! But you're not safe!
But you're not safe! But you're not safe!
The magic dart hits the goblin.
You kill the goblin!
A rat comes into view.
The magic dart hits the rat.
The magic dart hits the rat.
You kill the rat!
You don't have enough magic to cast that spell.
You don't have enough magic to cast that spell.
You don't have enough magic to cast that spell.
You don't have enough magic to cast that spell.
You don't have enough magic to cast that spell.
Things that are here:
a +0 dagger; 17 stones
Things that are here:
a +0 dagger; 17 stones You see here a robe.
A gnoll comes into view. It is wielding a +0 spear.
But you're not safe! But you're not safe! But you're not safe!
But you're not safe! But you're not safe!
The magic dart hits the gnoll.
The magic dart hits the gnoll.
The magic dart hits the gnoll but does no damage.
The gnoll hits you but does no damage.
You don't have enough magic to cast that spell.
You don't have enough magic to cast that spell.
The gnoll hits you with a +0 spear.
You hit the gnoll but do no damage. The gnoll closely misses you.
You closely miss the gnoll. The gnoll hits you with a +0 spear.
You barely miss the gnoll. The gnoll barely misses you.
You barely miss the gnoll. The gnoll completely misses you.
You barely miss the gnoll. The gnoll closely misses you.
You hit the gnoll but do no damage. The gnoll hits you with a +0 spear!
Ouch! That really hurt!
You die...

##....## ......#
.....# ....# #...#
##...# .###...g#
.......@########
...............#
...............#
..###..........# .
.#..........####
...............##
###..........##..#####
#..........###......
#..............#####


You could see a gnoll.

Vanquished Creatures
  A goblin (D:1)
  A rat (D:1)
2 creatures vanquished.

Notes
Turn   | Place    | Note
-------+----------+-------------------------------------------
     0 | D:1      | sentinel the Demonspawn Conjurer began the quest for the
                  | Orb.
     0 | D:1      | Reached XP level 1. HP: 13/13 MP: 3/3
   126 | D:1      | Slain by a gnoll

Illustrated notes

Levels and vault maps discovered:
D:1:      mrwooster_arrival_arrow, layout_rooms, serial_forest,
          infiniplex_forest_lined_room_2, infiniplex_forest_pool,
          infiniplex_forest_clump_curved, infiniplex_forest_clump_tiny,
          infiniplex_forest_split, infiniplex_forest_clump_diagonal,
          infiniplex_forest_end_3, infiniplex_forest_3_way,
          hangedman_decor_growths

Action                   || total
-------------------------++-------
Melee: Unarmed           ||     6
 Cast: Magic Dart        ||     6
Armor: Robe              ||     1
Dodge: Dodged            ||     4
